 Dungeon Crawl Stone Soup version 0.21.1-1-g345015f (webtiles) character file.

133 solstalker the Poker (level 4, -3/34 HPs)
             Began as a Demonspawn Gladiator on Apr 20, 2018.
             Was an Initiate of Nemelex Xobeh.
             Killed from afar by Natasha (8 damage)
             ... with a magic dart
             ... on level 2 of the Dungeon.
             The game lasted 00:10:22 (1421 turns).

solstalker the Poker (Demonspawn Gladiator)         Turns: 1421, Time: 00:10:23

Health: -3/34      AC:  7    Str: 15    XL:     4   Next: 94%
Magic:  4/4        EV: 16    Int:  9    God:    Nemelex Xobeh [......]
Gold:   113        SH:  0    Dex: 15    Spells: 3/3 levels left

rFire    + . .     SeeInvis .   a - +0 trident
rCold    + . .     Gourm    .   (no shield)
rNeg     . . .     Faith    .   b - +0 leather armour
rPois    +         Spirit   .   c - +0 helmet
rElec    +         Reflect  .   (no cloak)
rCorr    +         Harm     .   (no gloves)
MR       .....                  i - +2 pair of boots
Stlth    +.........             (no amulet)
HPRegen  0.11/turn              (no ring)
MPRegen  0.09/turn              (no ring)

@: resistant, slowed, very slow
A: repulsion field 2, powered by pain 1
a: Renounce Religion


You were on level 2 of the Dungeon.
You worshipped Nemelex Xobeh.
Nemelex Xobeh was noncommittal.
You were full.

You visited 1 branch of the dungeon, and saw 2 of its levels.

You collected 113 gold pieces.

Inventory:

Hand Weapons
 a - a +0 trident (weapon)
 g - a +0 dagger
 h - a +0 short sword
 j - a +0 dagger of draining
 q - a +0 short sword
 t - a +0 dagger
 u - a +0 dagger
 v - a +0 dagger
 w - a +0 club
 A - a cursed -3 club
Missiles
 d - 2 throwing nets (quivered)
 k - 15 stones
 o - 14 poisoned needles
 y - 7 bolts
Armour
 b - a +0 leather armour (worn)
 c - a +0 helmet (worn)
 i - a +2 pair of boots (worn)
 l - a +0 leather armour
 r - a +0 leather armour
Scrolls
 p - a scroll of teleportation
 C - a scroll of remove curse
 E - a scroll of magic mapping
 F - a scroll of identify
Potions
 m - 2 potions of degeneration {unknown}
 n - a potion of magic {unknown}
 s - a potion of flight {unknown}
 D - a potion of agility {unknown}
Miscellaneous
 B - a plain deck of summoning {drawn: 1}
Comestibles
 f - 4 rations
 x - 3 chunks of flesh


   Skills:
 + Level 2.6 Fighting
 + Level 3.5 Polearms
 + Level 2.0 Throwing
 + Level 1.6 Armour
 + Level 3.4 Dodging
 + Level 0.5 Stealth
 * Level 0.4 Spellcasting


You had 3 spell levels left.
You didn't know any spells.

Dungeon Overview and Level Annotations

Branches:
Dungeon (2/15)

Altars:
Nemelex Xobeh

Annotations:
D:2 Natasha


Innate Abilities, Weirdness & Mutations

You are surrounded by a moderate repulsion field. (EV +3)
You sometimes gain a little power by taking damage.


Message History

Natasha casts a spell.
The orc priest hits you with a short sword.
You closely miss the orc priest.
The orc priest is severely wounded.
The orc priest hits you with a short sword.
You barely miss the orc priest.
The orc priest is severely wounded.
The orc priest mumbles some strange prayers to Beogh against you.
Beogh smites you!
* * * LOW HITPOINT WARNING * * *
The orc priest hits you with a short sword.
* * * LOW HITPOINT WARNING * * *
You hit the orc priest.
You kill the orc priest!
Natasha barely misses you.
You feel protected.
Natasha stares at you and mumbles some strange words.
The magic dart hits you!
You die...
Your body disappears without a glow.

#.# #........########.#. #.#
##........##......... #.#
#.........#..#####.#. *****#.#
##...........#*#...... **,,,*#.##
#..........####..#....
*,,,,,#..###.#........##...##....
.......#..#..#...###.....##...##.
.......##.#(##%##....#####..#.##.
............(†5h@.####*#...##....
#.......#...##(####**,.........#.
............#)$..,,,,,.).####.###
...................,,,...***#.# #
......#########......,..,..##.###
#,...#**,,,,,,,......,,,,#.......
#*...**,,,,,,,,......,,,,##...#..
#,,,,*,,,,,,,,,..####*****#>###.<
..,,,*⌠,,,,,,,,,,* **,*,...


You could see Natasha and a shadow imp.

Vanquished Creatures
  An orc priest (D:2)
  Natasha (twice) (D:2)
  A dart slug (D:2)
  A ball python (D:2)
  A giant cockroach (D:1)
  8 goblins
  3 hobgoblins
  6 kobolds
  2 bats
  4 frilled lizards
  6 rats
35 creatures vanquished.

Vanquished Creatures (collateral kills)
  A gnoll (D:2)
  An adder (D:2)
  2 leopard geckos (D:2)
  An orc (D:2)
  2 goblins (D:2)
7 creatures vanquished.

Grand Total: 42 creatures vanquished

Notes
Turn   | Place    | Note
-------+----------+-------------------------------------------
     0 | D:1      | solstalker the Demonspawn Gladiator began the quest for the Orb.
     0 | D:1      | Reached XP level 1. HP: 16/16 MP: 1/1
   195 | D:1      | Gained mutation: You sometimes gain a little power by taking damage. [demonic ancestry]
   195 | D:1      | Reached XP level 2. HP: 13/22 MP: 2/2
   201 | D:1      | HP: 1/22 [kobold/whip (3)]
  1009 | D:1      | Found a sparkling altar of Nemelex Xobeh.
  1018 | D:1      | Became a worshipper of Nemelex Xobeh the Trickster
  1138 | D:2      | Noticed Natasha
  1147 | D:2      | Noticed a crimson imp
  1150 | D:2      | Noticed a crimson imp
  1151 | D:2      | Killed Natasha
  1151 | D:2      | Gained mutation: You are surrounded by a mild repulsion field. (EV +2) [demonic ancestry]
  1151 | D:2      | Reached XP level 3. HP: 22/28 MP: 3/3
  1266 | D:2      | Received a gift from Nemelex Xobeh
  1357 | D:2      | Gained mutation: You are surrounded by a moderate repulsion field. (EV +3) [demonic ancestry]
  1357 | D:2      | Reached XP level 4. HP: 34/34 MP: 4/4
  1378 | D:2      | Noticed Natasha
  1388 | D:2      | Killed Natasha
  1388 | D:2      | Reached skill level 1 in Armour
  1407 | D:2      | Noticed Natasha
  1421 | D:2      | Killed from afar by Natasha

Skill      XL: |  1  2  3  4 |
---------------+-------------+-----
Dodging        | 3 |  3.4
Polearms       | 3 |  3.5
Throwing       | 2 |  2.0
Armour         | 1 |  1.6
Fighting       | |  2.6
Stealth        | |  0.5
Spellcasting   | |  0.4

Action                   |  1- 3 |  4- 6 || total
-------------------------+-------+-------++-------
Melee: Trident           |   107 |    16 ||   123
Throw: Throwing net      |     1 |       ||     1
Evoke: Deck              |     1 |       ||     1
  Use: Scroll            |     6 |       ||     6
       Potion            |       |     1 ||     1
 Stab: Sleeping          |     2 |       ||     2
  Eat: Ration            |     2 |       ||     2
Armor: Leather armour    |    34 |     1 ||    35
Dodge: Dodged            |    70 |    11 ||    81
